 Dungeon Crawl Stone Soup version 0.31-a0-846-gb3bcc0d938 (webtiles) character file.

Game seed: 4210692889785505286

191 subawu the Ruffian (level 5, -1/41 HPs)
             Began as a Gnoll Shapeshifter on Oct 3, 2023.
             Slain by an iron imp (5 damage)
             ... on level 1 of the Dungeon.
             The game lasted 00:02:22 (831 turns).

subawu the Ruffian (Gnoll Shapeshifter)              Turns: 831, Time: 00:02:22

Health: -1/41      AC:  2    Str: 16    XL:     5   Next: 70%
Magic:  5/7        EV: 13    Int:  9    God:
Gold:   49         SH:  0    Dex: 11    Spells: 7/7 levels left

rFire   . .          .
                       - Unarmed
rCold   . . .        (no shield)
rNeg    . . .        a - +0 animal skin
rPois   .            (helmet currently unavailable)
rElec   .            (cloak currently unavailable)
rCorr   .            (gloves currently unavailable)
SInv    .            (boots currently unavailable)
Will    .....        (no amulet)
Stlth   ++           (no ring)
HPRegen 0.26/turn    (no ring)
MPRegen 0.10/turn

%: no passive effects
@: beast-form
A: beast (slay +3), fangs 1, strong nose, distributed training
a: Begin Untransformation


You were on level 1 of the Dungeon.
You were a hulking beast.
You visited 1 branch of the dungeon, and saw 1 of its levels.

You collected 49 gold pieces.

Inventory:

Missiles
 f - 2 poisoned darts
Armour
 a - a +0 animal skin (worn)
Jewellery
 e - a +5 ring of evasion
Talismans
 c - a beast talisman (active)
 d - a flux talisman
Scrolls
 h - a scroll of enchant weapon {unknown}
 i - 2 scrolls of identify {unknown}
 j - a scroll of revelation {unknown}


   Skills:
 + Level 3.0 Fighting
 + Level 1.6 Short Blades
 + Level 1.6 Long Blades
 + Level 1.6 Axes
 + Level 1.6 Maces & Flails
 + Level 1.6 Polearms
 + Level 1.6 Staves
 + Level 1.6 Ranged Weapons
 + Level 1.6 Throwing
 + Level 1.6 Armour
 + Level 4.8 Dodging
 + Level 1.6 Stealth
 + Level 1.6 Shields
 + Level 6.7 Unarmed Combat
 + Level 1.6 Spellcasting
 + Level 1.3 Conjurations
 + Level 1.3 Hexes
 + Level 1.3 Summonings
 + Level 1.3 Necromancy
 + Level 1.3 Translocations
 + Level 1.3 Transmutations
 + Level 1.3 Fire Magic
 + Level 1.3 Ice Magic
 + Level 1.3 Air Magic
 + Level 1.3 Earth Magic
 + Level 1.3 Poison Magic
 + Level 1.8 Invocations
 + Level 1.6 Evocations
 + Level 6.7 Shapeshifting


You had 7 spell levels left.
You didn't know any spells.
Your spell library was empty.

Dungeon Overview and Level Annotations

Branches:
Dungeon (1/15)

Altars:
Lugonu

Portals:
Abyss: D:1


Innate Abilities, Weirdness & Mutations

You are a hulking beast.
Your limbs bulge with bestial killing power. (Slay +3)
You have very sharp teeth.
Your uncanny sense of smell can sniff out nearby items.
Your experience applies equally to all skills.


Message History

You kill the shadow imp!
The crimson imp hits you.
* * * LOW HITPOINT WARNING * * *
The iron imp hits you but does no damage.
You closely miss the rat. The rat bites you but does no damage.
The crimson imp hits you but does no damage.
You smack the rat!
You kill the rat!
The iron imp hits you but does no damage.
The crimson imp shouts, "Relinquish hope, thou feeble ill-nurtured bloater!"
The crimson imp hits you but does no damage.
The ufetubus hits you but does no damage. x2
You smack the ufetubus!
You kill the ufetubus!
The crimson imp picks up a beetle and eats it.
The crimson imp hits you but does no damage.
The iron imp hits you but does no damage.
You smack the shadow imp!
You kill the shadow imp!
The crimson imp barely misses you.
You smack the shadow imp!
You kill the shadow imp!
The iron imp hits you but does no damage.
The ufetubus hits you but does no damage. x2
The crimson imp hits you but does no damage.
You closely miss the ufetubus. The ufetubus hits you.
* * * LOW HITPOINT WARNING * * *
The ufetubus hits you.
* * * LOW HITPOINT WARNING * * *
The iron imp hits you but does no damage.
You closely miss the ufetubus.
You feel less wooden.
Your +0 animal skin unmelds from your body.
You turn into a hulking beast.
The ufetubus hits you.
* * * LOW HITPOINT WARNING * * *
The ufetubus hits you but does no damage.
The crimson imp hits you.
* * * LOW HITPOINT WARNING * * *
The iron imp hits you.
You die...

..♣.♣..♣....♣.............# #....
♣..♣...♣.♣.♣........###...###....
..♣♣......................#......
..♣...♣..♣♣....########...#####..
.♣..♣♣...♣....## ...#...#####..
♣......♣.....#####....#...#..###.
.....♣♣......8.#$#._..#......###.
.♣♣..............5....#...#......
.♣..♣♣.♣♣....†.5h5....#...#......
...♣...♣.....8.#$#.∩..#...#....8#
.....♣...♣...##### ...#...#....#(
♣...♣♣♣...♣♣..## ..#...#....8#
...♣....♣...♣..########...####...
♣♣.....♣........†.........######.
♣♣♣♣♣♣♣♣♣♣♣♣##############......
### ### #######.# ####### #.# #.#
#.......#


You could see an iron imp, a crimson imp and an ufetubus.

Vanquished Creatures
  2 quasits (D:1)
  2 iron imps (D:1)
  3 shadow imps (D:1)
  A white imp (D:1)
  An ufetubus (D:1)
  A dart slug (D:1)
  2 ball pythons (D:1)
  3 endoplasms (D:1)
  A giant cockroach (D:1)
  A goblin (D:1)
  2 hobgoblins (D:1)
  2 quokkas (D:1)
  5 bats (D:1)
  A frilled lizard (D:1)
  2 kobolds (D:1)
  7 rats (D:1)
36 creatures vanquished.

Notes
Turn   | Place    | Note
-------+----------+-------------------------------------------
     0 | D:1      | subawu the Gnoll Shapeshifter began the quest for the Orb.
     0 | D:1      | Reached XP level 1. HP: 17/17 MP: 1/1
   126 | D:1      | Reached XP level 2. HP: 20/23 MP: 2/2
   750 | D:1      | Found a large runed translucent door.
   750 | D:1      | Found a large runed translucent door.
   750 | D:1      | Found a one-way gate to the infinite horrors of the Abyss.
   750 | D:1      | Noticed a crimson imp
   752 | D:1      | Found a corrupted altar of Lugonu.
   757 | D:1      | Reached XP level 3. HP: 24/28 MP: 3/3
   799 | D:1      | Reached skill level 1 in Short Blades
   799 | D:1      | Reached skill level 1 in Long Blades
   799 | D:1      | Reached skill level 1 in Axes
   799 | D:1      | Reached skill level 1 in Maces & Flails
   799 | D:1      | Reached skill level 1 in Polearms
   799 | D:1      | Reached skill level 1 in Staves
   799 | D:1      | Reached skill level 1 in Ranged Weapons
   799 | D:1      | Reached skill level 1 in Throwing
   799 | D:1      | Reached skill level 1 in Armour
   799 | D:1      | Reached skill level 1 in Stealth
   799 | D:1      | Reached skill level 1 in Shields
   799 | D:1      | Reached skill level 1 in Spellcasting
   799 | D:1      | Reached skill level 1 in Invocations
   799 | D:1      | Reached skill level 1 in Evocations
   799 | D:1      | Reached XP level 4. HP: 21/34 MP: 3/5
   802 | D:1      | Reached skill level 1 in Conjurations
   802 | D:1      | Reached skill level 1 in Hexes
   802 | D:1      | Reached skill level 1 in Summonings
   802 | D:1      | Reached skill level 1 in Necromancy
   802 | D:1      | Reached skill level 1 in Translocations
   802 | D:1      | Reached skill level 1 in Transmutations
   802 | D:1      | Reached skill level 1 in Fire Magic
   802 | D:1      | Reached skill level 1 in Ice Magic
   802 | D:1      | Reached skill level 1 in Air Magic
   802 | D:1      | Reached skill level 1 in Earth Magic
   802 | D:1      | Reached skill level 1 in Poison Magic
   809 | D:1      | Reached XP level 5. HP: 25/40 MP: 3/7
   831 | D:1      | Slain by an iron imp

Illustrated notes

Levels and vault maps discovered:
D:1:      erik_arrival_cave_to_civilisation [erik_arrival_cave_to_temple],
          layout_loops_ring, minmay_statues_item

Skill      XL: |  1  2  3  4  5 |
---------------+----------------+-----
Short Blades   | 1 |  1.6
Long Blades    | 1 |  1.6
Axes           | 1 |  1.6
Maces & Flails | 1 |  1.6
Polearms       | 1 |  1.6
Staves         | 1 |  1.6
Ranged Weapons | 1 |  1.6
Throwing       | 1 |  1.6
Armour         | 1 |  1.6
Stealth        | 1 |  1.6
Shields        | 1 |  1.6
Spellcasting   | 1 |  1.6
Invocations    | 1 |  1.8
Evocations     | 1 |  1.6
Conjurations   | 1 |  1.3
Hexes          | 1 |  1.3
Summonings     | 1 |  1.3
Necromancy     | 1 |  1.3
Translocations | 1 |  1.3
Transmutations | 1 |  1.3
Fire Magic     | 1 |  1.3
Ice Magic      | 1 |  1.3
Air Magic      | 1 |  1.3
Earth Magic    | 1 |  1.3
Poison Magic   | 1 |  1.3
Fighting       | 3 |  3.0
Dodging        | |  4.8
Unarmed Combat | |  6.7
Shapeshifting  | |  6.7

Action                     |  1- 3 |  4- 6 || total
---------------------------+-------+-------++-------
  Melee: Unarmed           |    58 |    32 ||    90
         Bite              |     6 |       ||     6
         Punch             |     3 |     2 ||     5
    Use: Potion            |     1 |       ||     1
         Scroll            |       |     1 ||     1
   Stab: Sleeping          |     1 |       ||     1
 Armour: Animal skin       |    39 |     4 ||    43
         Skin              |   128 |    76 ||   204
  Dodge: Dodged            |    67 |     6 ||    73

Table legend: (Time is in decaauts)
 A = Elapsed time spent in this place.
 B = Non-inter-level travel time spent in this place.
 C = Inter-level travel time spent in this place.
 D = Time resting spent in this place.
 E = Time spent auto-exploring this place.
 F = Levels seen in this place.
 G = Mean time per level.
                   A        B        C        D        E       F      G
               +--------+--------+--------+--------+--------+-----+--------+
         Total |    820 |    820 |      0 |      0 |    502 |   1 |  820.0 |
       Dungeon |    820 |    820 |      0 |      0 |    502 |   1 |  820.0 |
               +--------+--------+--------+--------+--------+-----+--------+

Top non-repeatable levels by time:
     D:1: 820 daAuts
